 Dungeon Crawl Stone Soup version 0.19.0-19-g8c6edcc (webtiles) character file.

415 Chiseanne the Ducker (level 6, 0/30 HPs)
             Began as a Spriggan Hunter on Nov 15, 2016.
             Slain by an orc priest
             ... wielding a +0 mace
              (5 damage)
             ... on level 4 of the Dungeon.
             The game lasted 00:10:36 (4569 turns).

Chiseanne the Ducker (Spriggan Hunter)              Turns: 4569, Time: 00:10:36

Health: 0/30       AC:  4    Str:  8    XL:     6   Next: 60%
Magic:  7/7        EV: 22    Int: 12    God:
Gold:   164        SH:  0    Dex: 19    Spells: 0 memorised, 5 levels left

rFire  . . .     SeeInvis +     a - +5 dagger (speed)
rCold  . . .     Gourm    .     v - +2 robe {MR+}
rNeg   . . .     Faith    .     (shield restricted)
rPois  .         Spirit   .     (helmet restricted)
rElec  .         Reflect  .     (no cloak)
rCorr  +         Harm     .     (gloves unavailable)
MR     ++...                    (boots unavailable)
Stlth  +++.......               (no amulet)
                                (no ring)
                                l - ring of resist corrosion

@: very slightly contaminated, hasted, very quick
A: unfitting armour, see invisible, herbivore 3, speed 3, slow metabolism 2
a: no special abilities


You were on level 4 of the Dungeon.
You were full.

You visited 2 branches of the dungeon, and saw 5 of its levels.

You collected 164 gold pieces.

Inventory:

Hand Weapons
 a - a +5 dagger of speed (weapon)
Missiles
 e - 114 stones (quivered)
 g - 3 curare-tipped needles
 m - 27 arrows
 o - 79 bolts
Armour
 v - a +2 robe of magic resistance (worn)
Jewellery
 l - a ring of resist corrosion (left hand)
Scrolls
 b - a scroll of immolation
 h - 2 scrolls of teleportation
 i - 4 scrolls of remove curse
 j - 2 scrolls of fog
 r - a scroll of recharging
Potions
 k - 2 potions of cancellation
 q - 3 potions of curing
Comestibles
 f - 4 bread rations


   Skills:
 - Level 1.5 Fighting
 * Level 1.2 Short Blades
 * Level 5.6 Throwing
 * Level 6.2 Dodging
 * Level 6.0 Stealth


You had 5 spell levels left.
You didn't know any spells.

Dungeon Overview and Level Annotations

Branches:
Dungeon (4/15)             Temple (1/1) D:4

Altars:
Ashenzari
Cheibriados
Hepliaklqana
Kikubaaqudgha
Ru
Trog
Vehumet
Xom
Yredelemnul
Zin
The Shining One


Innate Abilities, Weirdness & Mutations

You are very small and have problems with some larger weapons.
You are too small for most types of armour.
You have supernaturally acute eyesight. (SInv)
You are a herbivore.
You cover ground extremely quickly.
You need consume almost no food.


Message History

The orc priest shouts!
You hit the orc priest.
The orc priest is moderately wounded.
The orc priest invokes the aid of Beogh against you.
You resist with almost no effort.
You barely miss the orc priest.
The orc priest is lightly wounded.
You feel yourself speed up.
The orc priest looks braver for a moment.
You are very lightly contaminated with residual magic.
You hit the orc priest.
The orc priest is heavily wounded.
The orc priest hits you with a mace.
* * * LOW HITPOINT WARNING * * *
You hit the orc priest.
The orc priest is heavily wounded.
You hit the orc priest.
The orc priest is severely wounded.
The orc priest hits you with a mace.
You die...

#.#....W.........##
#W#...............#
#.#...#####.......#
#.#...# #.......#
#...### #.###...#
##....# ##.###...#
####.####...##...#
#......_......#
##.@##...####.#
#.o###.## .#
#..###.# .#
#..)...# .#
#......#####.#
######.......#
#########


You could see an orc priest.

Vanquished Creatures
  Sigmund (D:3)
  A gnoll shaman (D:4)
  2 orc priests (D:3)
  An orc wizard (D:3)
  3 gnolls (D:4)
  5 adders
  5 worms
  A dart slug (D:2)
  7 orcs (D:3)
  5 bats
  A giant cockroach (D:3)
  8 goblins
  4 hobgoblins
  2 frilled lizards
  8 kobolds
  7 rats
61 creatures vanquished.

Notes
Turn   | Place    | Note
-------+----------+-------------------------------------------
     0 | D:1      | Chiseanne the Spriggan Hunter began the quest for the Orb.
     0 | D:1      | Reached XP level 1. HP: 10/10 MP: 2/2
   373 | D:1      | Reached XP level 2. HP: 14/14 MP: 3/3
  1368 | D:2      | Reached XP level 3. HP: 8/18 MP: 4/4
  1945 | D:2      | Reached XP level 4. HP: 15/22 MP: 5/5
  2963 | D:3      | Noticed Sigmund
  3095 | D:3      | Killed Sigmund
  3095 | D:3      | Reached skill level 5 in Throwing
  3095 | D:3      | Reached skill level 5 in Dodging
  3095 | D:3      | Reached skill level 5 in Stealth
  3095 | D:3      | Reached XP level 5. HP: 3/25 MP: 6/6
  3479 | D:3      | Reached XP level 6. HP: 22/30 MP: 7/7
  4156 | D:4      | Found a shimmering altar of Xom.
  4249 | D:4      | Found a staircase to the Ecumenical Temple.
  4262 | Temple   | Entered the Ecumenical Temple
  4405 | D:4      | Found a radiant altar of Vehumet.
  4496 | D:4      | Reached skill level 1 in Short Blades
  4569 | D:4      | Slain by an orc priest

Skill      XL: |  1  2  3  4  5  6 |
---------------+-------------------+-----
Stealth        | 2 3 5 6 |  6.0
Dodging        | 4 5 6 |  6.2
Throwing       | 5 |  5.6
Short Blades   | 1 |  1.2
Fighting       | |  1.5

Action                   |  1- 3 |  4- 6 || total
-------------------------+-------+-------++-------
Melee: Short sword       |    66 |    35 ||   101
       Dagger            |    12 |    83 ||    95
Throw: Tomahawk          |    26 |    54 ||    80
       Throwing net      |     7 |     6 ||    13
       Stone             |       |     3 ||     3
  Use: Scroll            |     5 |    11 ||    16
       Potion            |     2 |     2 ||     4
 Stab: Sleeping          |     7 |     6 ||    13
       Distracted        |       |     1 ||     1
       Held in net/web   |       |     1 ||     1
  Eat: Bread ration      |       |     1 ||     1
Armor: Robe              |     5 |     7 ||    12
Dodge: Dodged            |    63 |    85 ||   148
